 Dungeon Crawl Stone Soup version 0.31-a0-408-gb642c7f9a3 (webtiles) character file.

Game seed: 10041913719045311491

1446 Gelion the Changeling (level 8, -7/54 HPs)
             Began as an Octopode Shapeshifter on July 29, 2023.
             Mangled by a yak (16 damage)
             ... on level 6 of the Dungeon.
             The game lasted 00:07:44 (3970 turns).

Gelion the Changeling (Octopode Shapeshifter)       Turns: 3970, Time: 00:07:45

Health: -7/54      AC:  1    Str: 14    XL:     8   Next: 75%
Magic:  8/8        EV: 20    Int: 11    God:
Gold:   359        SH:  0    Dex: 14    Spells: 7/7 levels left

rFire   . . .        h - +1 dagger (spect)
rCold   . . .        (no shield)
rNeg    . . .        (helmet currently unavailable)
rPois   .            (no amulet)
rElec   .            k - +5 ring of evasion
rCorr   .            q - ring of see invisible
SInv    +            (no ring)
Will    .....        (no ring)
Stlth   ++           (no ring)
HPRegen 0.29/turn    (no ring)
MPRegen 0.11/turn    (no ring)
                     (no ring)

%: no passive effects
@: beast-form
A: beast (slay +4), almost no armour, amphibious, 8 rings, camouflage 1,
gelatinous body 1, (nimble swimmer 1), tentacles
a: Begin Untransformation


You were on level 6 of the Dungeon.
You were a hulking beast.
You visited 1 branch of the dungeon, and saw 6 of its levels.

You collected 359 gold pieces.

Inventory:

Hand Weapons
 h - a +1 spectral dagger (weapon)
Missiles
 f - 6 silver javelins
 o - 2 throwing nets
Armour
 t - a +1 hat
Jewellery
 k - a +5 ring of evasion (left tentacle)
 q - a ring of see invisible (right tentacle)
Talismans
 b - a beast talisman
Wands
 e - a wand of flame (23)
 p - a wand of polymorph (7)
 s - a wand of acid (10)
Scrolls
 d - 2 scrolls of fog
 g - a scroll of fear
 m - a scroll of amnesia
Potions
 a - a potion of lignification
 c - 2 potions of mutation
 i - 5 potions of curing
 j - 2 potions of ambrosia {unknown}
 n - a potion of heal wounds {unknown}
 r - a potion of attraction
 u - a potion of might {unknown}
 x - a potion of magic {unknown}


   Skills:
 + Level 4.6 Fighting
 + Level 5.0 Dodging
 + Level 5.6 Unarmed Combat
 * Level 6.3 Shapeshifting


You had 7 spell levels left.
You didn't know any spells.
Your spell library contained the following spells:

 Spells                   Type           Power      Damage    Failure   Level
 Kiss of Death            Conj/Necr      0%         2d5       34%         1
 Necrotise                Necr           0%         1d4       34%         1
 Confusing Touch          Hex            0%         N/A       71%         3
 Dazzling Flash           Conj/Hex       0%         N/A       71%         3
 Vampiric Draining        Necr           0%         2d6       71%         3
 Volatile Blastmotes      Fire/Tloc      0%         2d10      71%         3
 Dispel Undead            Necr           0%         3d6       98%         4
 Agony                    Necr           0%         N/A       100%        5
 Starburst                Conj/Fire      0%         6d3       100%        6
 Maxwell's Capacitive Co  Air            0%         ∞         100%        8
 Chain Lightning          Conj/Air       0%         N/A       100%        9
 Fire Storm               Conj/Fire      0%         5d1       100%        9
 Shatter                  Erth           0%         3d5*      100%        9


Dungeon Overview and Level Annotations

Branches:
Dungeon (6/15)
 Temple: D:4-7

Altars:
Ru
Sif Muna

Shops:
D:1 [


Innate Abilities, Weirdness & Mutations

You are a hulking beast.
Your limbs bulge with bestial killing power. (Slay +4)
You cannot wear most types of armour.
You are amphibious.
You can wear up to eight rings at the same time.
Your skin changes colour to match your surroundings (Stealth+).
Your rubbery body absorbs attacks. (AC +1, EV +1)
((You are camouflaged when in or above water. (Stealth+)))
You have tentacles for arms and can constrict up to eight enemies at once.


Message History

The yak is severely wounded.
The yak misses you.
You hit the yak but do no damage. You squeeze the yak!
The yak is almost dead.
The yak barely misses you.
You hit the yak. You squeeze the yak.
You kill the yak!
Your Dodging skill increases to level 5!
Unknown command.
You completely miss the yak. The yak gores you!
You hit the yak. You squeeze the yak.
The yak is moderately wounded.
The yak misses you.
You hit the yak.
The yak is moderately wounded.
The yak misses you.
You hit the yak.
The yak is heavily wounded.
The yak misses you.
Unknown command.
You hit the yak. Your squeeze misses the yak.
The yak is heavily wounded.
The yak gores you!
* * * LOW HITPOINT WARNING * * *
You hit the yak but do no damage.
Your tentacle-slap misses the yak.
The yak is heavily wounded.
The yak gores you.
* * * LOW HITPOINT WARNING * * *
You hit the yak but do no damage.
The yak is heavily wounded.
The yak gores you.
* * * LOW HITPOINT WARNING * * *
Unknown command.
You barely miss the yak. You squeeze the yak!
The yak is severely wounded.
The yak closely misses you.
You hit the yak.
The yak is severely wounded.
The yak gores you!
You die...

#....##.....
########.#.# #....# .
.........#.# #.#..# ..
...........###.#..# ...
..................##....
.......<.#####..........
.........# #........>..
######..## #..#.#.#...
#..######.##h#
#####.###.....##Y#
..........######Y.
........### ##..
..[.....# ... ........#
###. ...)))..# .#
........# . ........#


You could see 2 yaks.

Vanquished Creatures
  3 yaks (D:6)
  Eustachio (D:4)
  An ice beast (D:5)
  A black bear (D:5)
  3 scorpions
  An orc priest (D:6)
  A hound (D:4)
  4 iguanas
  2 sleepcaps
  Natasha (thrice) (D:2)
  An orc wizard (D:6)
  4 gnolls (D:3)
  5 adders
  A shadow imp (D:6)
  A white imp (D:5)
  2 dart slugs
  18 orcs
  9 ball pythons
  5 endoplasms
  2 giant cockroaches
  5 goblins
  12 hobgoblins
  2 jackals (D:2)
  2 quokkas
  2 bats
  2 frilled lizards
  13 kobolds
  6 rats
112 creatures vanquished.

Vanquished Creatures (others)
  A kobold (D:4)
1 creature vanquished.

Grand Total: 113 creatures vanquished

Notes
Turn   | Place    | Note
-------+----------+-------------------------------------------
     0 | D:1      | Gelion the Octopode Shapeshifter began the quest for the
                  | Orb.
     0 | D:1      | Reached XP level 1. HP: 13/13 MP: 1/1
   120 | D:1      | Reached XP level 2. HP: 18/18 MP: 2/2
   250 | D:1      | Found Awidoim's Armour Emporium.
   267 | D:1      | Reached XP level 3. HP: 20/23 MP: 3/3
   580 | D:2      | Noticed Natasha
   586 | D:2      | Killed Natasha
   587 | D:2      | Reached XP level 4. HP: 8/29 MP: 4/4
   679 | D:2      | Noticed Natasha
   686 | D:2      | Killed Natasha
   821 | D:2      | Noticed Natasha
   827 | D:2      | Killed Natasha
   828 | D:2      | Reached XP level 5. HP: 8/34 MP: 5/5
  1123 | D:3      | Reached skill level 4 in Shapeshifting
  1334 | D:3      | Found a sacrificial altar of Ru.
  1335 | D:3      | Found a shimmering blue altar of Sif Muna.
  2072 | D:4      | Reached XP level 6. HP: 41/41 MP: 6/6
  2097 | D:4      | Noticed Eustachio
  2106 | D:4      | Killed Eustachio
  2176 | D:4      | Reached XP level 7. HP: 45/46 MP: 7/7
  2698 | D:5      | Entered Level 5 of the Dungeon
  2815 | D:5      | Reached skill level 5 in Shapeshifting
  3325 | D:5      | Reached skill level 5 in Unarmed Combat
  3325 | D:5      | Reached XP level 8. HP: 51/54 MP: 8/8
  3857 | D:6      | Noticed a yak
  3858 | D:6      | Noticed a yak
  3877 | D:6      | Killed a yak
  3948 | D:6      | Noticed a yak
  3948 | D:6      | Noticed a yak
  3950 | D:6      | Noticed a yak
  3953 | D:6      | Killed a yak
  3954 | D:6      | Reached skill level 6 in Shapeshifting
  3961 | D:6      | Killed a yak
  3962 | D:6      | Reached skill level 5 in Dodging
  3970 | D:6      | Mangled by a yak

Illustrated notes

Levels and vault maps discovered:
D:1:      minmay_arrival_four_houses, layout_rooms, serial_shops,
          nicolae_shop_just_a_little_nook
D:2:      layout_rooms, uniq_natasha
D:3:      layout_basic, nicolae_overflow_squiral, serial_bayou_pond_a
D:4:      layout_cave_pools, uniq_eustachio
D:5:      layout_cave_pods, serial_glass, glass_columns_c, glass_columns_a
D:6:      minmay_flawed_box, layout_rooms, gammafunk_ghost_necromancy,
          serial_shops, shop, hangedman_glass_teeth

Skill      XL: |  1  2  3  4  5  6  7  8 |
---------------+-------------------------+-----
Fighting       | 2 3 4 |  4.6
Shapeshifting  | 4 5 6 |  6.3
Dodging        | 3 4 5 |  5.0
Unarmed Combat | 4 5 |  5.6

Action                     |  1- 3 |  4- 6 |  7- 9 || total
---------------------------+-------+-------+-------++-------
  Melee: Short sword       |    17 |       |       ||    17
         Unarmed           |     7 |       |       ||     7
         Constrict         |    16 |    17 |    24 ||    57
         Tentacles         |     6 |    15 |    36 ||    57
         Dagger            |    37 |    62 |   104 ||   203
         Punch             |     2 |     2 |     4 ||     8
    Use: Scroll            |     5 |     3 |     4 ||    12
   Stab: Sleeping          |     6 |     2 |     3 ||    11
         Distracted        |       |       |     1 ||     1
 Armour: Skin              |     7 |     2 |     2 ||    11
  Dodge: Dodged            |    50 |    39 |    64 ||   153

Table legend: (Time is in decaauts)
 A = Elapsed time spent in this place.
 B = Non-inter-level travel time spent in this place.
 C = Inter-level travel time spent in this place.
 D = Time resting spent in this place.
 E = Time spent auto-exploring this place.
 F = Levels seen in this place.
 G = Mean time per level.
                   A        B        C        D        E       F      G
               +--------+--------+--------+--------+--------+-----+--------+
         Total |   3968 |   3780 |    188 |    192 |   2910 |   6 |  661.3 |
       Dungeon |   3968 |   3780 |    188 |    192 |   2910 |   6 |  661.3 |
               +--------+--------+--------+--------+--------+-----+--------+

Top non-repeatable levels by time:
     D:5: 975 daAuts
     D:3: 954 daAuts
     D:4: 779 daAuts
     D:2: 594 daAuts
     D:1: 504 daAuts
     D:6: 160 daAuts
